 Dungeon Crawl Stone Soup version 0.26.1-11-gd32895ea62 (webtiles) character file.

Game seed: 13298289346576246841

1456 Gabide the Spear-Bearer (level 9, -7/65 HPs)
             Began as a Human Gladiator on May 14, 2021.
             Was a Priest of Zin.
             Mangled by an orc warrior
             ... wielding a +0 trident
              (10 damage)
             ... on level 6 of the Dungeon.
             The game lasted 00:09:02 (5930 turns).

Gabide the Spear-Bearer (Human Gladiator)           Turns: 5930, Time: 00:09:03

Health: -7/65      AC:  8    Str: 24    XL:     9   Next: 5%
Magic:  9/9        EV: 13    Int: 12    God:    Zin [***...]
Gold:   304        SH:  0    Dex: 12    Spells: 8/8 levels left

rFire    + . .     SeeInvis +   a - +1 trident
rCold    . . .     Faith    .   (no shield)
rNeg     . . .     Spirit   .   v - +0 leather armour of the Wary Leaping Suns {rF+ Str+7 Int+3 Dex-3}
rPois    .         Reflect  .   c - +0 helmet
rElec    .         Harm     .   (no cloak)
rCorr    +         Rampage  .   f - +2 pair of gloves
Will     .....                  q - +0 pair of boots
Stlth    ++........             (no amulet)
HPRegen  0.20/turn              e - ring of see invisible
MPRegen  0.11/turn              k - ring of resist corrosion

@: reciting
A: no striking features
a: Renounce Religion, Recite, Vitalisation, Imprison, Donate Gold


You were on level 6 of the Dungeon.
You worshipped Zin.
Zin was most pleased with you.
You visited 1 branch of the dungeon, and saw 6 of its levels.

You collected 337 gold pieces.
You donated 33 gold pieces to Zin.

Inventory:

Hand Weapons
 a - a +1 trident (weapon)
 b - a +0 giant club
Armour
 c - a +0 helmet (worn)
 f - a +2 pair of gloves (worn)
 g - a +0 leather armour of poison resistance
 p - a +1 leather armour of positive energy
 q - a +0 pair of boots (worn)
 v - the +0 leather armour of the Wary Leaping Suns (worn) {rF+ Str+7 Int+3 Dex-3}
   (You found it on level 5 of the Dungeon)

   It affects your strength (+7).
   It affects your intelligence (+3).
   It affects your dexterity (-3).
   It protects you from fire.
Jewellery
 e - a ring of see invisible (left hand)
 k - a ring of resist corrosion (right hand)
 r - a cursed ring of teleportation {unknown}
 w - an uncursed ring of willpower {unknown}
Wands
 m - a wand of disintegration (6)
Scrolls
 u - 3 scrolls of teleportation
 x - a scroll of remove curse
Potions
 d - 2 potions of curing {unknown}
 h - a potion of berserk rage
 i - a potion of invisibility {unknown}
 j - a potion of might {unknown}
 l - a potion of flight {unknown}
 n - a potion of resistance {unknown}
 o - a potion of haste {unknown}
 s - a potion of degeneration {unknown}
 t - a potion of brilliance {unknown}


   Skills:
 + Level 4.2 Fighting
 * Level 8.9 Polearms
 + Level 2.1 Throwing
 + Level 2.7 Armour
 + Level 4.2 Dodging
 + Level 2.5 Stealth


You had 8 spell levels left.
You didn't know any spells.
Your spell library was empty.

Dungeon Overview and Level Annotations

Branches:
Dungeon (6/15)
 Temple: D:4-7

Altars:
Hepliaklqana
Makhleb
Okawaru
Trog
Uskayaw
Vehumet
Yredelemnul
Zin

Annotations:
D:3 2 transporters
D:5 1 runed translucent door


Message History

The orc wizard hits you but does no damage.
The orc warrior hits you from afar with a +0 trident!
* * * LOW HITPOINT WARNING * * *
You hit the orc wizard.
The orc wizard is severely wounded.
The orc wizard closely misses you.
The orc wizard hits you with a +0 dagger.
* * * LOW HITPOINT WARNING * * *
The orc warrior hits you from afar with a +0 trident!
* * * LOW HITPOINT WARNING * * *
Press: ? - help, Dir - move target, f/p - orc wizard
Aim: an orc wizard, wielding a +0 dagger and wearing a +0 robe (severely wounded, fast)
You need more space to imprison the orc wizard.
Okay, then.
You clear your throat and prepare to recite. "Zin descended from on high in a silver chariot..."
The orc wizard is confused by your recitation.
The orc wizard closely misses the orc priest.
The orc warrior hits you from afar with a +0 trident!
You die...

.....# .....#########
.....#....#..##### ####
.....#...........# .....
.....#...........# .....
.....#...........#......
.....#...#########o.....
.....#...#.......o......
.....#...#......@#.#...
.....'...#........_..#
.....#...#.......#.#....
....(#...#..............
.....#'###........#...
...........####+###.....
...........# ....
...........# ..##
<..........+ .#


You could see an orc warrior and an orc wizard (fast, confused).

Vanquished Creatures
  Sigmund (D:3)
  A soldier ant (D:5)
  An ogre (D:4)
  A centaur (D:4)
  Blork the orc (D:5)
  4 scorpions (D:5)
  A killer bee (D:5)
  A bullfrog skeleton (D:5)
  A centaur skeleton (D:4)
  2 hounds
  An orc priest (D:3)
  An orc wizard (D:6)
  Jessica (D:2)
  10 worker ants
  Ijyb (D:4)
  An iguana (D:5)
  12 adders
  A shadow imp (D:5)
  A white imp (D:4)
  9 worms
  2 dart slugs
  4 leopard geckos
  6 orcs
  A ball python (D:1)
  5 bats
  6 giant cockroaches
  9 hobgoblins
  3 jackals (D:4)
  4 kobolds
  4 quokkas
  4 frilled lizards
  4 goblins
  4 rats
  A butterfly (D:5)
109 creatures vanquished.

Notes
Turn   | Place    | Note
-------+----------+-------------------------------------------
     0 | D:1      | Gabide the Human Gladiator began the quest for the Orb.
     0 | D:1      | Reached XP level 1. HP: 16/16 MP: 1/1
   153 | D:1      | Reached XP level 2. HP: 20/22 MP: 2/2
   996 | D:2      | Reached XP level 3. HP: 14/27 MP: 3/3
  1147 | D:2      | Noticed a blizzard demon
  1148 | D:2      | Found a burning altar of Makhleb.
  1180 | D:2      | Found a glowing silver altar of Zin.
  1180 | D:2      | Noticed an angel
  1193 | D:2      | Reached skill level 4 in Polearms
  1313 | D:2      | Became a worshipper of Zin the Law-Giver
  1313 | D:2      | Reached * piety under Zin
  1327 | D:2      | Reached XP level 4. HP: 26/33 MP: 4/4
  1781 | D:2      | Found a bloodstained altar of Trog.
  1781 | D:2      | Found a hide-covered altar of Uskayaw.
  1789 | D:2      | Found a hazy altar of Hepliaklqana.
  1791 | D:2      | Found a faded altar of an unknown god.
  1793 | D:2      | Found a basalt altar of Yredelemnul.
  1805 | D:2      | Reached skill level 1 in Armour
  1835 | D:2      | Reached XP level 5. HP: 39/39 MP: 5/5
  1848 | D:2      | Noticed Jessica
  1862 | D:2      | Killed Jessica
  2112 | D:3      | Reached skill level 5 in Polearms
  2359 | D:3      | Reached ** piety under Zin
  2375 | D:3      | Found a transporter.
  2535 | D:3      | Reached XP level 6. HP: 44/46 MP: 6/6
  2586 | D:3      | Found a transporter.
  2701 | D:3      | Noticed Sigmund
  2709 | D:3      | Killed Sigmund
  2710 | D:3      | Reached skill level 6 in Polearms
  2710 | D:3      | Reached skill level 1 in Stealth
  2846 | D:3      | Reached XP level 7. HP: 42/51 MP: 7/7
  3545 | D:4      | Reached skill level 7 in Polearms
  3762 | D:4      | Noticed Ijyb
  3772 | D:4      | Killed Ijyb
  3777 | D:4      | Reached *** piety under Zin
  3818 | D:4      | You fall into a shaft and drop 1 floor!
  3818 | D:5      | Entered Level 5 of the Dungeon
  3881 | D:5      | Reached XP level 8. HP: 49/60 MP: 8/8
  3893 | D:5      | Got a distressingly furry leather armour
  3905 | D:5      | Identified the +0 leather armour of the Wary Leaping Suns
                  | {rF+ Str+7 Int+3 Dex-3} (You found it on level 5 of the
                  | Dungeon)
  3992 | D:5      | Noticed Blork the orc
  4004 | D:5      | Killed Blork the orc
  4172 | D:5      | Found a radiant altar of Vehumet.
  4378 | D:5      | Found a runed translucent door.
  4380 | D:5      | Found a runed translucent door.
  5001 | D:5      | Reached skill level 8 in Polearms
  5465 | D:5      | Reached XP level 9. HP: 21/65 MP: 7/9
  5908 | D:6      | Found an iron altar of Okawaru.
  5929 | D:6      | HP: 2/65 [orc warrior/+0 trident (13)]
  5930 | D:6      | Mangled by an orc warrior

Illustrated notes

Levels and vault maps discovered:
D:1:      evilmike_arrival_hilbert_curve, layout_loops_ring,
          chequers_decorated_corner
D:2:      layout_basic, grunt_temple_overflow_order_and_chaos_2,
          nicolae_overflow_hidden_temple, chequers_temple_overflow_minitemple,
          kennysheep_generic_room_5, uniq_jessica
D:3:      gammafunk_steamed_eel, layout_loops_ring, uniq_sigmund
D:4:      minmay_chambers_of_fours, layout_basic, serial_rivers,
          chequers_serial_rivers_room_b, chequers_serial_rivers_room_a,
          chequers_serial_rivers_micro_e, chequers_serial_rivers_micro_c,
          chequers_serial_rivers_micro_a, chequers_serial_rivers_micro_d,
          uniq_ijyb
D:5:      lemuel_insect_pit, layout_loops_ring, vehumet_crystals,
          uniq_blork_the_orc
D:6:      layout_gridville, okawaru_metal_pillars_1_2, uniq_menkaure,
          uniq_grinder

Skill      XL: |  1  2  3  4  5  6  7  8 |
---------------+-------------------------+-----
Polearms       | 4 5 6 7 8 |  8.9
Armour         | 1 2 |  2.7
Stealth        | 1 2 |  2.5
Fighting       | 3 4 |  4.2
Dodging        | 4 |  4.2
Throwing       | |  2.1

Action                   |  1- 3 |  4- 6 |  7- 9 || total
-------------------------+-------+-------+-------++-------
Melee: Trident           |    86 |   165 |   257 ||   508
Throw: Throwing net      |     1 |     6 |     2 ||     9
Invok: Vitalisation      |       |       |     1 ||     1
       Recite            |       |       |     1 ||     1
  Use: Scroll            |     4 |     4 |     2 ||    10
 Stab: Sleeping          |     2 |     6 |     3 ||    11
       Held in net/web   |       |     5 |     1 ||     6
Armor: Leather armour    |    17 |    37 |    58 ||   112
Dodge: Dodged            |    44 |    77 |   120 ||   241
